 Dungeon Crawl Stone Soup version 0.31-a0-1467-g53b6572822 (webtiles) character file.

Game seed: 9424074649986969513

10988 shadizar the Thaumaturge (level 12, 0/90 HPs)
             Began as a Djinni Fire Elementalist on Dec 28, 2023.
             Killed from afar by a gargoyle (11 damage)
             ... with a stone arrow
             ... on level 10 of the Dungeon.
             The game lasted 00:25:38 (9979 turns).

shadizar the Thaumaturge (Djinni Fire Elementalist) Turns: 9979, Time: 00:25:39

Health: 0/90       AC: 12    Str:  7    XL:     12   Next: 2%
Gold:   555        EV: 16    Int: 30    God:
                   SH:  0    Dex: 14

rFire   + + .        k - +3 dagger (vamp)
rCold   x . .        (no shield)
rNeg    . . .        q - +2 robe {Will+}
rPois   ∞            j - +3 crown of Dyrovepreva {rElec Int+2 SInv}
rElec   +            e - +2 cloak
rCorr   .            h - +0 pair of gloves
SInv    +            (boots unavailable)
Will    ++...        D - amulet of regeneration
Stlth   ++           f - ring of see invisible
HPRegen 1.15/turn    E - +6 ring of intelligence
MPRegen 0.00/turn

%: infuse magic (-1 HP)
@: flying, invisible
A: sickness immunity, fire resistance 2, cold vulnerability 1, float, innate
caster, HP casting, extra vitality 1
a: no special abilities


You were on level 10 of the Dungeon.
You visited 2 branches of the dungeon, and saw 12 of its levels.

You collected 663 gold pieces.
You spent 108 gold pieces at shops.

Inventory:

Hand Weapons
 b - a +1 sling of freezing
 i - a +1 flail of protection
 k - a +3 vampiric dagger (weapon)
 G - the +8 rapier of a treasure trove {flame, rPois Int+2}
   (You found it on level 8 of the Dungeon)

   Int+2:     It affects your intelligence (+2).
   rPois:     It protects you from poison
Missiles
 z - a throwing net
Armour
 e - a +2 cloak (worn)
 h - a +0 pair of gloves (worn)
 j - the +3 crown of Dyrovepreva (worn) {rElec Int+2 SInv}
   (You found it on level 2 of the Dungeon)

   Int+2:     It affects your intelligence (+2).
   rElec:     It insulates you from electricity.
   SInv:      It lets you see invisible.
 l - the +8 chain mail of Palip {Dex+3}
   (You found it on level 7 of the Dungeon)

   Dex+3:     It affects your dexterity (+3).
 q - a +2 robe of willpower (worn)
Jewellery
 f - a ring of see invisible (left hand)
 g - an amulet of reflection
 D - an amulet of regeneration (around neck)
 E - a +6 ring of intelligence (right hand)
Talismans
 c - a blade talisman
 o - a serpent talisman
 H - a maw talisman
Wands
 m - a wand of mindburst (36)
 n - a wand of charming (6)
 p - a wand of light (22)
 u - a wand of polymorph (12)
 x - a wand of roots (9)
Scrolls
 t - 3 scrolls of teleportation
 y - a scroll of fog
Potions
 a - 2 potions of haste
 d - 2 potions of brilliance
 r - 2 potions of resistance
 w - a potion of cancellation {unknown}
 A - a potion of lignification {unknown}
 B - a potion of mutation {unknown}
 C - a potion of heal wounds {unknown}


   Skills:
 + Level 9.4 Fighting
 + Level 7.1 Armour
 + Level 8.5 Dodging
 - Level 2.3 Stealth
 * Level 9.6 Spellcasting
 * Level 9.6 Conjurations
 * Level 9.6 Hexes
   Level 0.0 Charms
 * Level 9.6 Summonings
 * Level 9.6 Necromancy
 * Level 9.6 Translocations
   Level 0.0 Transmutations
 * Level 9.6 Fire Magic
 * Level 9.6 Ice Magic
 * Level 9.6 Air Magic
 * Level 9.6 Earth Magic
 * Level 9.6 Alchemy


You knew the following spells:

 Your Spells              Type           Power      Damage    Failure   Level
a - Foxfire               Conj/Fire      100%       2x1d9     1%          1
b - Scorch                Fire           100%       2d9       1%          2
c - Volatile Blastmotes   Fire/Tloc      100%       2d18      1%          3
d - Inner Flame           Hex/Fire       64%        N/A       1%          3
e - Flame Wave            Conj/Fire      64%        2d15      1%          4
f - Magic Dart            Conj           100%       1d8       1%          1
g - Ensorcelled Hibernat  Hex/Ice        100%       N/A       1%          2
h - Lesser Beckoning      Tloc           100%       N/A       1%          2
i - Martyr's Knell        Necr/Summ      64%        N/A       1%          4
j - Arcjolt               Conj/Air       32%        1d42      1%          5
Your spell library was empty.

Dungeon Overview and Level Annotations

Branches:
Dungeon (11/15)            Temple (1/1) D:6            Lair (0/5) D:10
    Orc (0/2) D:9

Altars:
Ashenzari
Cheibriados
Dithmenos
Elyvilon
Fedhas
Gozag
Hepliaklqana
Makhleb
Nemelex Xobeh
Okawaru
Qazlal
Ru
Trog
Uskayaw
Wu Jian
Xom
Yredelemnul
Zin
The Shining One

Shops:
D:3 (   D:6 *   D:9 [

Annotations:
D:3 1 runed translucent door, Tenar's ghost, weakling DsRe


Innate Abilities, Weirdness & Mutations

You are immune to sickness and miasma.
You are immune to poison.
Your flesh is very heat resistant. (rF++)
You are vulnerable to cold. (rC-)
You float through the air rather than walking.
You learn spells naturally, not from books.
Your magical power is your life essence.
You have superior vitality. (+4 MHP)


Message History

Electricity surges outward!
The gargoyle resists.
The gargoyle is struck by an electric surge.
The gargoyle is severely damaged.
* * * LOW HITPOINT WARNING * * *
The gargoyle barely misses you.
Unknown command.
Unknown command.
Unknown command.
Unknown command.
Casting: Arcjolt (dangerous; 1% risk of failure)
Confirm with . or Enter, or press ? or * to list all spells.
Electricity surges outward!
The gargoyle resists.
The gargoyle is struck by an electric surge.
The gargoyle is severely damaged.
* * * LOW HITPOINT WARNING * * *
The gargoyle hits you with a +0 mace!!
* * * LOW HITPOINT WARNING * * *
Unknown command.
Unknown command.
Unknown command.
Unknown command.
Unknown command.
Unknown command.
Unknown command.
You feel better.
The gargoyle is no longer more vulnerable to fire.
The gargoyle closely misses you.
You fade into invisibility!
The gargoyle misses you.
The gargoyle hurls a stone arrow at you.
The stone arrow hits you.
* * * LOW HITPOINT WARNING * * *
Okay, then.
Casting: Arcjolt (dangerous; 1% risk of failure)
Confirm with . or Enter, or press ? or * to list all spells.
You conjure some foxfire!
* * * LOW HITPOINT WARNING * * *
The gargoyle hurls a stone arrow past your foxfire.
The stone arrow hits you!
You die...

##..[.# #...# #.#
##....######'#####.#
##....#..........#.#
#....#..........#.#
#...............#.#
#...............#.#
#####...........#.#
##...._.....#.#
#....[...v@#.#
#........v.#.#
#.........9#.#
###...####.#.###
##...# #.#...#
#....####.###.#
#.........# #.#
#.....###.###.#
#.......#.....#


You could see a gargoyle (unable to see you, ally target).

Vanquished Creatures
  A hydra (D:9)
  A two-headed ogre (D:10)
  Urug (D:10)
  A manticore (D:9)
  An unseen horror (D:10)
  A hornet (D:8)
  Prince Ribbit (D:5)
  2 dream sheep (D:9)
  4 wyverns
  A wraith (D:10)
  A shadow (D:10)
  16 yaks
  A steam dragon (D:7)
  Menkaure (D:6)
  2 acid dragons
  4 water moccasins
  6 orc warriors
  A sky beast (D:6)
  An ice beast (D:5)
  5 black bears
  2 ogres
  2 centaurs
  4 kobold brigands
  Blork the orc (D:5)
  6 bullfrogs
  A scorpion (D:6)
  4 killer bees
  7 howler monkeys
  3 hounds
  A bombardier beetle (D:5)
  2 gnoll boudas
  2 iguanas (D:6)
  3 jellies
  5 orc priests
  2 sleepcaps
  Jessica (D:2)
  Ijyb (D:5)
  8 orc wizards
  5 adders
  12 gnolls
  2 white imps
  2 ufetubi (D:5)
  3 worms
  33 orcs
  7 ball pythons
  8 bats
  9 endoplasms
  3 giant cockroaches
  9 goblins
  12 hobgoblins
  2 jackals
  14 kobolds
  A quokka (D:3)
  6 frilled lizards
  3 rats
  A spectral hobgoblin (D:8)
239 creatures vanquished.

Vanquished Creatures (collateral kills)
  6 foxfires
6 creatures vanquished.

Vanquished Creatures (others)
  A white imp (D:7)
  1054 foxfires
1055 creatures vanquished.

Grand Total: 1300 creatures vanquished

Notes
Turn   | Place    | Note
-------+----------+-------------------------------------------
     0 | D:1      | shadizar the Djinni Fire Elementalist began the quest for
                  | the Orb.
     0 | D:1      | shadizar set off with the following spells memorised:
                  | Foxfire, Scorch, Volatile Blastmotes, Inner Flame, Flame
                  | Wave.
     0 | D:1      | Reached XP level 1. HP: 15/15 MP: 0/0
     3 | D:1      | Noticed an electric eel
     4 | D:1      | Noticed an electric eel
   166 | D:1      | Reached XP level 2. HP: 20/21 MP: 0/0
   515 | D:1      | Reached XP level 3. HP: 19/25 MP: 0/0
   515 | D:1      | Learned a level 1 spell: Magic Dart
  1341 | D:2      | Found the +3 crown of Dyrovepreva {rElec Int+2 SInv}
  1693 | D:2      | Reached XP level 4. HP: 30/31 MP: 0/0
  1771 | D:2      | Reached skill level 1 in Fighting
  1914 | D:2      | Reached XP level 5. HP: 27/37 MP: 0/0
  1914 | D:2      | Learned a level 2 spell: Ensorcelled Hibernation
  2166 | D:2      | Noticed Jessica
  2171 | D:2      | Killed Jessica
  2257 | D:3      | Noticed Tenar's ghost (weakling DsRe)
  2257 | D:3      | Found a runed translucent door.
  2446 | D:3      | Reached XP level 6. HP: 41/45 MP: 0/0
  2597 | D:3      | Found Unar's Weapon Shop.
  3108 | D:4      | Noticed an ogre
  3235 | D:4      | Killed an ogre
  3236 | D:4      | Reached XP level 7. HP: 32/51 MP: 0/0
  3236 | D:4      | Learned a level 2 spell: Lesser Beckoning
  3881 | D:4      | Found a blossoming altar of Fedhas.
  3884 | D:4      | Found a stormy altar of Qazlal.
  4180 | D:5      | Entered Level 5 of the Dungeon
  4215 | D:5      | Noticed Ijyb
  4228 | D:5      | Killed Ijyb
  4411 | D:5      | Noticed Blork the orc
  4422 | D:5      | Killed Blork the orc
  4423 | D:5      | Reached skill level 5 in Spellcasting
  4423 | D:5      | Reached skill level 5 in Conjurations
  4423 | D:5      | Reached skill level 5 in Hexes
  4423 | D:5      | Reached skill level 5 in Summonings
  4423 | D:5      | Reached skill level 5 in Necromancy
  4423 | D:5      | Reached skill level 5 in Translocations
  4423 | D:5      | Reached skill level 5 in Fire Magic
  4423 | D:5      | Reached skill level 5 in Ice Magic
  4423 | D:5      | Reached skill level 5 in Air Magic
  4423 | D:5      | Reached skill level 5 in Earth Magic
  4423 | D:5      | Reached skill level 5 in Alchemy
  4710 | D:5      | Noticed Prince Ribbit
  4714 | D:5      | Killed Prince Ribbit
  4715 | D:5      | Reached skill level 5 in Fighting
  4715 | D:5      | Reached XP level 8. HP: 52/59 MP: 0/0
  5401 | D:6      | Found a broken altar of Ashenzari.
  5514 | D:6      | Found Zelo's Assorted Antiques.
  5522 | D:6      | Bought a distressingly furry robe for 108 gold pieces
  5522 | D:6      | Identified the +2 robe of Yesterday {Str-4 Dex+4} (You
                  | bought it in a shop on level 6 of the Dungeon)
  5533 | D:6      | Reached skill level 1 in Armour
  5552 | D:6      | Found a staircase to the Ecumenical Temple.
  5570 | Temple   | Entered the Ecumenical Temple
  5750 | D:6      | Reached XP level 9. HP: 42/67 MP: 0/0
  5750 | D:6      | Learned a level 4 spell: Martyr's Knell
  6020 | D:6      | Found a glowing golden altar of the Shining One.
  6063 | D:6      | Noticed Menkaure
  6069 | D:6      | Killed Menkaure
  6463 | D:7      | Identified the +8 chain mail of Palip {Dex+3}
  7031 | D:7      | Reached skill level 5 in Dodging
  7424 | D:8      | Noticed a hornet
  7474 | D:8      | Killed a hornet
  7491 | D:8      | Reached XP level 10. HP: 12/75 MP: 0/0
  7602 | D:8      | Identified the +8 rapier of a treasure trove {flame, rPois
                  | Int+2}
  7968 | D:8      | Found a hazy altar of Hepliaklqana.
  8058 | D:9      | Found Moinej's Antique Armour Emporium.
  8197 | D:9      | Noticed a manticore
  8206 | D:9      | Killed a manticore
  8207 | D:9      | Reached skill level 5 in Armour
  8605 | D:9      | Noticed a three-headed hydra
  8616 | D:9      | Killed a three-headed hydra
  8617 | D:9      | Reached XP level 11. HP: 24/82 MP: 0/0
  8617 | D:9      | Learned a level 5 spell: Arcjolt
  9002 | D:9      | Found a staircase to the Orcish Mines.
  9204 | D:10     | Entered Level 10 of the Dungeon
  9259 | D:10     | Found a burning altar of Makhleb.
  9260 | D:10     | Noticed Urug
  9282 | D:10     | Killed Urug
  9650 | D:10     | Found a staircase to the Lair.
  9654 | D:10     | Noticed a two-headed ogre
  9663 | D:10     | Killed a two-headed ogre
  9747 | D:10     | Found an ornate altar of the Wu Jian Council.
  9783 | D:10     | Reached XP level 12. HP: 71/90 MP: 0/0
  9844 | D:10     | Found a shimmering altar of Xom.
  9979 | D:10     | Killed from afar by a gargoyle

Illustrated notes

Levels and vault maps discovered:
D:1:      arrival_aquarium_b, layout_basic, nicolae_wormholes
D:2:      layout_basic, minivault_14, uniq_jessica
D:3:      layout_rooms, serial_shops, shop, ebering_ghost_inner_flame
D:4:      minmay_skewed_foursquare, layout_basic,
          grunt_temple_overflow_forces_of_nature, sigmund_army
D:5:      nicolae_cairo_tiling_large, layout_loops_ring,
          nicolae_sif_muna_condensation, chequers_serial_rivers_marsh,
          uniq_ijyb, uniq_prince_ribbit1, uniq_blork_the_orc
D:6:      layout_cave_pools, nicolae_tso_swordbearing_angel, ashenzari_altar_1,
          minmay_temple_entry_junction, serial_shops, shop_statue, uniq_menkaure
D:7:      layout_basic, lemuel_flamethrower_2
D:8:      layout_cave_pools, nicolae_hepliaklqana_monster_ancestors,
          minmay_starry_boxes
D:9:      layout_loops_cross, david_orc_4, serial_shops, shop, hangedman_ranch
D:10:     layout_basic, mainiacjoe_overflow_alcove_2, bloody_makhleb,
          nzn_wu_jian_council_hall, due_lair_maze_entry_diamond, uniq_urug
D:11:     layout_small_grid, sword_in_stone, uniq_sonja
Temple:   dshaligram_water_room_temple

Skill      XL: |  1  2  3  4  5  6  7  8  9 10 11 |
---------------+----------------------------------+-----
Stealth        | 2 |  2.3
Dodging        | 3 5 7 8 |  8.5
Fighting       | 1 2 3 5 6 7 8 9 |  9.4
Spellcasting   | 4 5 6 7 8 9 |  9.6
Conjurations   | 4 5 6 7 8 9 |  9.6
Hexes          | 4 5 6 7 8 9 |  9.6
Summonings     | 4 5 6 7 8 9 |  9.6
Necromancy     | 4 5 6 7 8 9 |  9.6
Translocations | 4 5 6 7 8 9 |  9.6
Fire Magic     | 4 5 6 7 8 9 |  9.6
Ice Magic      | 4 5 6 7 8 9 |  9.6
Air Magic      | 4 5 6 7 8 9 |  9.6
Earth Magic    | 4 5 6 7 8 9 |  9.6
Alchemy        | 4 5 6 7 8 9 |  9.6
Armour         | 2 4 5 7 |  7.1

Action                     |  1- 3 |  4- 6 |  7- 9 | 10-12 || total
---------------------------+-------+-------+-------+-------++-------
  Melee: Unarmed           |     1 |     1 |       |       ||     2
         Dagger            |       |       |     1 |       ||     1
   Cast: Foxfire           |   112 |   158 |   226 |   190 ||   686
         Scorch            |       |     9 |    40 |   112 ||   161
         Volatile Blastmot |       |     3 |     9 |    15 ||    27
         Martyr's Knell    |       |       |       |     1 ||     1
         Arcjolt           |       |       |       |    12 ||    12
    Use: Scroll            |       |     4 |     5 |     6 ||    15
         Potion            |       |       |     4 |     3 ||     7
 Armour: Robe              |    11 |    15 |    28 |    72 ||   126
  Dodge: Dodged            |    14 |    14 |    35 |    70 ||   133
  Block: Other             |       |     7 |     6 |       ||    13
         Reflection        |       |       |     2 |       ||     2

Table legend: (Time is in decaauts)
 A = Elapsed time spent in this place.
 B = Non-inter-level travel time spent in this place.
 C = Inter-level travel time spent in this place.
 D = Time resting spent in this place.
 E = Time spent auto-exploring this place.
 F = Levels seen in this place.
 G = Mean time per level.
                   A        B        C        D        E       F      G
               +--------+--------+--------+--------+--------+-----+--------+
         Total |   9961 |   9772 |    189 |      0 |   7660 |  12 |  830.1 |
       Dungeon |   9959 |   9770 |    189 |      0 |   7660 |  11 |  905.4 |
        Temple |      1 |      1 |      0 |      0 |      0 |   1 |    1.0 |
               +--------+--------+--------+--------+--------+-----+--------+

Top non-repeatable levels by time:
     D:1: 1398 daAuts
     D:4: 1244 daAuts
     D:9: 1154 daAuts
     D:5: 1132 daAuts
     D:7: 1084 daAuts
     D:6: 974 daAuts
     D:2: 857 daAuts
    D:10: 765 daAuts
     D:3: 677 daAuts
     D:8: 657 daAuts
    D:11: 11 daAuts
  Temple: 1 daAuts
